AoeStats
← [NICE_ASS] BigMasi

African Clearing

504471549Analyzed
4v4 RM · 27d ago on Sep 5, 2026· 54m 23s· 8 players
Game mode
Random Map
Map size
Large (8 player)
Population
200
Speed
Normal
Resources
Standard
Victory
Conquest
Starting age
Dark Age
Ending age
Imperial Age
RankedLock teamsTeams togetherTeam positionsShared explorationLock speedFull tech treeHidden civsTurbo modeCheats
Victory
Defeat
🇨🇳 Magyars · China
1187
+15
🇨🇳 Mongols · China
1144
+43
🇮🇩 Huns · Indonesia
1135
+17
🇮🇩 Italians · Indonesia
1067
+19
🇨🇭 Wei · Switzerland
1205
-19
🇫🇷 Ethiopians · France
1155
-17
🇳🇴 Bulgarians · Norway
1153
-17
🇵🇪 Muisca · Peru
1111
-15
Nixx
12:47 Loom
15:20 Feudal Age
16:41 Horse Collar
25:02 Castle Age
25:16 Fletching
29:40 Wheelbarrow
29:49 Double-Bit Axe
49:01 Wheelbarrow
53:48 Imperial Age
52:00 Hand Cart
52:01 Bow Saw
52:05 Heavy Plow
52:19 Forging
52:10 Scale Mail Armor
54:18 Iron Casting
53:58 Chain Mail Armor
54:08 Gambesons
54:24 Squires
54:44 Bagains
[NICE_ASS] BigMasi
7:24 Loom
14:18 Feudal Age
14:49 Double-Bit Axe
15:48 Wheelbarrow
15:37 Horse Collar
18:49 Castle Age
20:25 Bow Saw
20:08 Gold Mining
20:08 Stone Mining
20:01 Horse Collar
22:56 Hand Cart
29:50 Scale Barding Armor
33:18 Chain Barding Armor
33:10 Forging
33:07 Husbandry
33:47 Bloodlines
34:57 Iron Casting
36:27 Stone Shaft Mining
36:27 Gold Shaft Mining
38:41 Imperial Age
38:42 Fletching
38:52 Padded Archer Armor
38:48 Elite Skirmisher
40:04 Conscription
42:29 Blast Furnace
42:13 Elite Tiger Cavalry
43:34 Leather Archer Armor
43:14 Bodkin Arrow
44:46 Bracer
47:19 Ring Archer Armor
Shane-Saw FR
6:22 Loom
14:01 Feudal Age
17:12 Town Watch
18:08 Double-Bit Axe
19:46 Gold Mining
20:05 Fletching
20:29 Forging
22:46 Castle Age
20:40 Fletching
22:48 Crossbowman
23:35 Thumb Ring
28:48 Wheelbarrow
32:13 Padded Archer Armor
32:08 Bodkin Arrow
32:14 Scale Mail Armor
32:56 Hand Cart
39:39 Leather Archer Armor
38:47 Elite Skirmisher
42:07 Ballistics
44:45 Imperial Age
44:51 Arbalester
49:32 Ring Archer Armor
49:02 Bracer
50:41 Conscription
braysonyt
4:11 Loom
16:35 Feudal Age
18:06 Horse Collar
20:40 Castle Age
19:43 Double-Bit Axe
19:49 Stone Mining
20:03 Town Watch
21:39 Heavy Plow
22:44 Bow Saw
29:40 Scale Mail Armor
29:50 Forging
31:04 Pikeman
33:01 Forging
32:59 Gold Mining
34:57 Iron Casting
35:41 Chain Mail Armor
37:20 Gold Shaft Mining
40:54 Imperial Age
38:39 Squires
39:25 Fletching
39:04 Champi Runner
39:57 Champi Warrior
41:09 Elite Champi Warrior
43:22 Plate Mail Armor
49:40 Two-Man Saw
51:27 Crop Rotation
燕子不南飞
4:19 Loom
14:23 Feudal Age
14:44 Feudal Age
18:55 Castle Age
16:58 Double-Bit Axe
17:54 Horse Collar
20:08 Heavy Plow
21:55 Scale Barding Armor
27:00 Chain Barding Armor
26:55 Bow Saw
30:15 Wheelbarrow
29:26 Town Watch
35:48 Fletching
38:32 Imperial Age
36:49 Bodkin Arrow
38:21 Padded Archer Armor
38:48 Gold Mining
40:14 Bracer
41:39 Ballistics
44:52 Leather Archer Armor
51:58 Stone Mining
Kambing_Ngamuk
5:45 Loom
16:08 Feudal Age
16:51 Double-Bit Axe
19:13 Horse Collar
24:08 Castle Age
22:42 Fletching
23:10 Stone Mining
23:12 Gold Mining
23:41 Padded Archer Armor
25:43 Bow Saw
32:41 Imperial Age
30:51 Ballistics
32:51 Wheelbarrow
33:18 Heavy Plow
35:12 Chemistry
35:03 Conscription
36:32 Bodkin Arrow
39:45 Elite Genoese Crossbowman
48:34 Hand Cart
48:24 Bracer
48:39 Leather Archer Armor
52:28 Leather Archer Armor
51:57 Treadmill Crane
OtongSlayer
4:36 Loom
13:01 Feudal Age
18:28 Castle Age
17:49 Double-Bit Axe
18:00 Stone Mining
18:03 Gold Mining
18:57 Scale Barding Armor
19:42 Forging
21:29 Bloodlines
30:38 Horse Collar
32:01 Bow Saw
33:05 Heavy Plow
35:21 Husbandry
35:43 Chain Barding Armor
40:05 Imperial Age
38:06 Marauders
38:24 Stone Mining
39:58 Wheelbarrow
39:09 Town Watch
39:09 Light Cavalry
42:02 Conscription
42:20 Plate Barding Armor
42:40 Gold Shaft Mining
43:28 Atheism
42:34 Elite Tarkan
44:05 Hand Cart
43:34 Cavalier
47:04 Iron Casting
50:42 Blast Furnace
49:33 Fletching
49:44 Padded Archer Armor
51:19 Ballistics
52:00 Chemistry
50:39 Paladin
52:22 Parthian Tactics
52:42 Bodkin Arrow
53:03 Leather Archer Armor
52:10 Heavy Cavalry Archer
52:56 Thumb Ring
53:52 Hussar
dp334
5:24 Loom
14:01 Feudal Age
15:29 Double-Bit Axe
18:06 Castle Age
15:50 Horse Collar
16:44 Stone Mining
20:57 Bow Saw
20:43 Town Watch
21:55 Fletching
22:07 Padded Archer Armor
25:56 Bodkin Arrow
27:21 Gold Mining
31:53 Wheelbarrow
31:55 Leather Archer Armor
40:30 Imperial Age
38:40 Gold Shaft Mining
38:44 Stone Shaft Mining
39:30 Ballistics
40:33 Hand Cart
40:35 Elite Mangudai
42:00 Conscription
41:57 Bracer
43:36 Chemistry
43:21 Parthian Tactics
43:39 Thumb Ring
43:37 Nomads
43:58 Drill
44:02 Bloodlines
43:53 Husbandry
44:25 Husbandry
44:09 Light Cavalry
44:55 Scale Barding Armor
45:00 Forging
44:48 Murder Holes
46:06 Hussar
47:27 Chain Barding Armor
47:43 Iron Casting
47:43 Siege Engineers
47:49 Masonry
48:21 Capped Ram
49:52 Siege Ram
54:12 Blast Furnace
Connection lost

Rejoining the realm…

Still unreachable

The connection could not be restored.

Session expired

The server has moved on; the page needs a fresh start.